 Dungeon Crawl Stone Soup version 0.31-a0-1612-g4aaf141004 (webtiles) character file.

Game seed: 6723317992754734455

20575 seren the Thaumaturge (level 13, 72/93 HPs)
             Began as a Djinni Hedge Wizard on Aug 9, 2021.
             Was an Elder of Makhleb.
             Quit the game on level 2 of the Lair of Beasts on Jan 9, 2024.
             The game lasted 02:08:28 (27263 turns).

seren the Thaumaturge (Djinni Hedge Wizard)        Turns: 27263, Time: 02:08:29

Health: 72/93      AC:  9    Str:  4    XL:     13   Next: 13%
Gold:   252        EV: 21    Int: 19    God:    Makhleb [****..] SH:  0 Dex: 18

rFire   + + +        L - +5 quarterstaff "Muned" {heavy, ^Contam rC++ Dex+4 SInv}
rCold   . . .        (shield currently unavailable)
rNeg    + . .        n - +0 robe
rPois   ∞            s - +2 hat
rElec   .            y - +1 cloak
rCorr   .            B - +2 pair of gloves
SInv    +            (boots unavailable)
Will    +....        (no amulet)
Stlth   ++++         P - ring of Vical {Fire rN+ Str-5 Slay+2 Stlth+}
HPRegen 0.35/turn    d - +4 ring of evasion
MPRegen 0.00/turn

%: no passive effects
@: flying
A: sickness immunity, fire resistance 2, cold vulnerability 1, float, innate
caster, HP casting, extra vitality 1
a: Renounce Religion, Minor Destruction, Lesser Servant of Makhleb, Major
Destruction


You were on level 2 of the Lair of Beasts.
You worshipped Makhleb.
Makhleb was greatly pleased with you.
You visited 2 branches of the dungeon, and saw 13 of its levels.

You collected 933 gold pieces.
You spent 681 gold pieces at shops.

Inventory:

Hand Weapons
 i - a +0 antimagic spear
 J - the +9 dagger of Defiance {heavy, rElec rN+++ Will- MP+9}
   (You found it on level 3 of the Lair of Beasts)

   rElec:     It insulates you from electricity.
   rN+++:     It renders you almost immune to negative energy.
   Will-:     It decreases your willpower.
   MP+9:      It affects your magic capacity (+9).
 L - the +5 quarterstaff "Muned" (weapon) {heavy, ^Contam rC++ Dex+4 SInv}
   (You bought it in a shop on level 2 of the Dungeon)

   Dex+4:     It affects your dexterity (+4).
   rC++:      It greatly protects you from cold.
   SInv:      It lets you see invisible.
   ^Contam:   It causes magical contamination when unequipped.
Missiles
 f - 2 throwing nets {!f}
 q - 298 stones
Armour
 n - a +0 robe (worn)
 s - a +2 hat (worn)
 y - a +1 cloak (worn)
 B - a +2 pair of gloves (worn)
 H - a +0 kite shield
 M - the +7 chain mail of the Orange Skies {Str+2}
   (You took it off a gnoll sergeant on level 9 of the Dungeon)

   Str+2:     It affects your strength (+2).
 O - a +0 helmet
Magical Staves
 a - a staff of air
Jewellery
 d - a +4 ring of evasion (right hand)
 l - a ring of resist corrosion
 v - a ring of protection from fire
 P - the ring of Vical (left hand) {Fire rN+ Str-5 Slay+2 Stlth+}
   (You found it on level 2 of the Lair of Beasts)

   [ring of fire]

   Fire:      It enhances your fire magic.
   Str-5:     It affects your strength (-5).
   Slay+2:    It affects your accuracy & damage with ranged weapons and melee
   (+2).
   rF+:       It protects you from fire.
   rC-:       It makes you vulnerable to cold.
   rN+:       It protects you from negative energy.
   Stlth+:    It makes you more stealthy.
Talismans
 D - a blade talisman
Wands
 j - a wand of paralysis (5)
 t - a wand of flame (24)
 w - a wand of iceblast (16)
 z - a wand of charming (7)
 G - a wand of acid (8)
Scrolls
 c - a scroll of acquirement {unknown}
 e - a scroll of immolation
 g - 2 scrolls of enchant weapon
 h - 3 scrolls of teleportation {!r}
 m - 8 scrolls of revelation
 p - a scroll of enchant armour {unknown}
 r - 2 scrolls of fear
 C - 2 scrolls of summoning {unknown}
 F - a scroll of holy word
 K - a scroll of fog {unknown}
Potions
 b - a potion of enlightenment {unknown}
 k - 2 potions of mutation {!q}
 o - 3 potions of haste
 u - a potion of invisibility
 x - 6 potions of curing
 A - a potion of might
 E - a potion of degeneration
 I - 2 potions of brilliance
 N - a potion of resistance


   Skills:
 + Level 8.3 Fighting
 - Level 2.0 Short Blades
 + Level 8.2 Staves
 + Level 3.0 Armour
 + Level 8.4 Dodging
 - Level 6.0 Stealth
 * Level 3.0 Shields
 + Level 9.1 Spellcasting
 + Level 9.1 Conjurations
 + Level 9.1 Hexes
 + Level 9.1 Summonings
 + Level 9.1 Necromancy
 + Level 9.1 Translocations
 + Level 9.1 Fire Magic
 + Level 9.1 Ice Magic
 + Level 9.1 Air Magic
 + Level 9.1 Earth Magic
 + Level 9.1 Alchemy
 - Level 3.0 Invocations
 - Level 6.0 Evocations


You knew the following spells:

 Your Spells              Type           Power      Damage    Failure   Level
a - Magic Dart            Conj           100%       1d8       1%          1
b - Blink                 Tloc           86%        N/A       1%          2
c - Call Imp              Summ           86%        N/A       1%          2
d - Slow                  Hex            100%       N/A       1%          1
e - Mephitic Cloud        Conj/Alch/Air  43%        N/A       1%          3
f - Bolt of Magma         Conj/Fire/Erth 30%        4d14      5%          5
g - Animate Skeleton      Necr           86%        N/A       1%          1
h - Fugue of the Fallen   Necr           43%        N/A       1%          3
i - Summon Blazeheart Go  Fire/Summ      60%        N/A       1%          4
j - Bolt of Magma         Conj/Fire/Erth 30%        4d14      5%          5
k - Silence               Hex/Air        21%        N/A       5%          5
s - Static Discharge      Conj/Air       86%        3-7/arc   1%          2
Your spell library was empty.

Dungeon Overview and Level Annotations

Branches:
Dungeon (10/15)            Temple (0/1) D:7            Lair (3/6) D:8
  Swamp (0/4) Lair:2        Snake (0/4) Lair:2          Orc (0/2) D:10

Altars:
Dithmenos
Makhleb
Nemelex Xobeh
Okawaru
Qazlal
Xom
Yredelemnul
Zin
The Shining One

Shops:
D:2 !(   D:3 :*

Annotations:
D:4 exclusions: downstairs and jelly
D:6 1 runed translucent door, Noname's ghost, novice OgBe
D:9 vampire, exclusion: door
Lair:2 exclusion: oklob plant


Innate Abilities, Weirdness & Mutations

You are immune to sickness and miasma.
You are immune to poison.
Your flesh is very heat resistant. (rF++)
You are vulnerable to cold. (rC-)
You float through the air rather than walking.
You learn spells naturally, not from books.
Your magical power is your life essence.
You have superior vitality. (+4 MHP)


Message History

k - 2 potions of mutation {!q} (gained 1)
The electric eel shoots out a bolt of lightning at you!
The bolt of electricity hits you!
Casting: Summon Blazeheart Golem (mildly dangerous; 1% risk of failure)
Confirm with . or Enter, or press ? or * to list all spells.
Okay, then.
Casting: Summon Blazeheart Golem (mildly dangerous; 1% risk of failure)
Confirm with . or Enter, or press ? or * to list all spells.
You feel a surge of power!
A fiery spirit appears, bound in slag iron.
The electric eel shoots out a bolt of lightning at you!
The bolt of electricity hits you!
The catoblepas breathes a plume of calcifying dust at you.
The blast of calcifying dust hits you.
Your blazeheart golem is engulfed in calcifying dust.
Your blazeheart golem is moving more slowly.
Your blazeheart golem's core grows cold and it stops moving.
Your blazeheart golem turns to stone!
The catoblepas breathes a plume of calcifying dust at you.
The blast of calcifying dust hits you.
The catoblepas gores something!!
There is a stone staircase leading up here.
You fly upwards.
Level annotation: exclusion: oklob plant
There is a stone staircase leading down here.
Saving game... please wait.
Level annotation: exclusion: oklob plant Welcome back, seren the Djinni Hedge Wizard.
Blood and souls for Makhleb!
Press ? for a list of commands and other information.
Level annotation: exclusion: oklob plant Welcome back, seren the Djinni Hedge Wizard.
Blood and souls for Makhleb!
Press ? for a list of commands and other information.
Saving game... please wait.
Level annotation: exclusion: oklob plant Welcome back, seren the Djinni Hedge Wizard.
Blood and souls for Makhleb!
Press ? for a list of commands and other information.
Are you sure you want to abandon this character and quit the game? (Confirm with "yes".)

..#...#.....#♣(♣~~~♣♣♣...##..###
.#.P..###...#♣♣♣♣~♣♣....P###P#
.#...## ##### #.♣..♣...P## ###
...P## #####...#..### ..###
##.#.....#..## .##
#.#....#.....# ~#
##............#### ##
#.......^.....##.######
#####..@....##..##.##.##
#....#.####...####.. ##..#####
##.......~ #..## #.....~~~
###..# ####.~~~# ##...## #.~≈##
##...## ##~~#) #....# #~≈##
##...## #####~~≈#


There were no monsters in sight!

Vanquished Creatures
  A centaur warrior (D:9)
  A two-headed ogre (D:9)
  2 tengu warriors (D:9)
  Sonja (Lair:2)
  A deep elf pyromancer (D:9)
  A black mamba (Lair:1)
  7 cane toads
  3 elephants (Lair:3)
  2 rime drakes
  3 komodo dragons
  A merfolk (shapeshifter) (D:9)
  5 hornets
  A tyrant leech (Lair:2)
  5 blink frogs (Lair:2)
  8 yaks
  A wraith (D:8)
  5 wyverns
  2 basilisks
  4 vampire mosquitoes (Lair:2)
  2 swamp worms (Lair:2)
  A naga (Lair:2)
  7 water moccasins
  3 orc warriors
  A sky beast (D:6)
  A black bear (D:7)
  3 necrophages
  2 ice beasts
  2 ogres
  7 centaurs
  3 phantoms (D:6)
  4 kobold brigands
  2 bullfrogs
  3 gnoll sergeants
  3 scorpions
  2 wyvern zombies
  5 killer bees (D:7)
  11 wights
  12 howler monkeys
  2 bullfrog zombies (D:5)
  2 hounds
  A human zombie (D:5)
  3 centaur zombies
  A gnoll bouda (D:5)
  3 bullfrog skeletons
  6 orc priests
  2 centaur skeletons
  An iguana (D:5)
  10 orc wizards
  A hound zombie (D:5)
  A mummy (D:5)
  A howler monkey zombie (D:9)
  15 gnolls
  4 adders
  A howler monkey skeleton (D:6)
  A shadow imp (D:5)
  2 ufetubi
  5 dart slugs
  33 orcs
  4 bats
  An endoplasm (D:1)
  4 giant cockroaches
  13 hobgoblins
  6 jackals
  8 quokkas
  3 ball pythons
  6 frilled lizards
  13 goblins
  21 kobolds
  6 rats
308 creatures vanquished.

Vanquished Creatures (collateral kills)
  A hydra (Lair:1)
  An elephant (Lair:3)
  A wyvern (Lair:3)
  2 basilisks (Lair:1)
  A water moccasin (Lair:2)
  An iguana (D:4)
  A ball python (D:1)
  A kobold (D:1)
  A rat (D:1)
10 creatures vanquished.

Vanquished Creatures (others)
  16 blazeheart cores
16 creatures vanquished.

Grand Total: 334 creatures vanquished

Notes
Turn   | Place    | Note
-------+----------+-------------------------------------------
     0 | D:1      | seren the Djinni Hedge Wizard began the quest for the Orb.
     0 | D:1      | Reached XP level 1. HP: 15/15 MP: 0/0
   202 | D:1      | Reached XP level 2. HP: 15/21 MP: 0/0
   961 | D:1      | Found a faded altar of an unknown god.
  1106 | D:1      | Reached XP level 3. HP: 22/26 MP: 0/0
  1106 | D:1      | Learned a level 1 spell: Animate Skeleton
  1743 | D:1      | Reached skill level 1 in Fighting
  2234 | D:2      | Found Jiteb's Distillery.
  2242 | D:2      | Bought a potion of curing for 42 gold pieces
  2290 | D:2      | Found Ifug's Antique Weapon Shoppe.
  2533 | D:2      | Reached XP level 4. HP: 25/32 MP: 0/0
  3519 | D:3      | Reached skill level 1 in Short Blades
  3796 | D:3      | Found Mephuwes's Assorted Antiques.
  4176 | D:3      | Found Haweixaz's Book Shoppe.
  4186 | D:3      | Found an iron altar of Okawaru.
  4702 | D:3      | Noticed an ogre
  5432 | D:3      | Reached XP level 5. HP: 15/38 MP: 0/0
  5432 | D:3      | Learned a level 3 spell: Fugue of the Fallen
  5691 | D:3      | Found a shimmering altar of Xom.
  6727 | D:4      | Killed an ogre
  6728 | D:4      | Reached XP level 6. HP: 28/45 MP: 0/0
  7119 | D:4      | Found a burning altar of Makhleb.
  7119 | D:4      | Found a sparkling altar of Nemelex Xobeh.
  7124 | D:4      | Became a worshipper of Makhleb the Destroyer
  7459 | D:4      | Reached XP level 7. HP: 22/49 MP: 0/0
  7459 | D:4      | Learned a level 2 spell: Static Discharge
  7828 | D:5      | Entered Level 5 of the Dungeon
  7828 | D:5      | Found a shadowy altar of Dithmenos.
  9784 | D:2      | Bought a bloodstained quarterstaff for 225 gold pieces
  9784 | D:2      | Identified the +5 quarterstaff "Muned" {vorpal, Contam rC++
                  | Dex+4 SInv} (You bought it in a shop on level 2 of the
                  | Dungeon)
 10015 | D:5      | Reached XP level 8. HP: 48/58 MP: 0/0
 11459 | D:5      | Reached skill level 5 in Spellcasting
 11772 | D:6      | Reached skill level 5 in Fighting
 12414 | D:5      | Reached skill level 1 in Invocations
 12828 | D:5      | Found a basalt altar of Yredelemnul.
 13031 | D:5      | Reached XP level 9. HP: 47/65 MP: 0/0
 13031 | D:5      | Learned a level 4 spell: Summon Blazeheart Golem
 14239 | D:6      | Reached * piety under Makhleb
 14279 | D:6      | Reached skill level 5 in Stealth
 14468 | D:6      | Found a runed translucent door.
 14476 | D:6      | Noticed Noname's ghost (novice OgBe)
 14867 | D:7      | Noticed a hornet
 14999 | D:3      | Bought a pair of glowing gloves for 202 gold pieces
 15450 | D:7      | Found a staircase to the Ecumenical Temple.
 16394 | D:7      | Killed a hornet
 16395 | D:7      | Reached skill level 5 in Dodging
 16395 | D:7      | Reached XP level 10. HP: 65/73 MP: 0/0
 17296 | D:8      | Found a glowing golden altar of the Shining One.
 17721 | D:8      | Reached ** piety under Makhleb
 17884 | D:7      | Reached skill level 1 in Armour
 18372 | D:8      | Found a staircase to the Lair.
 18667 | D:9      | Found a stormy altar of Qazlal.
 19043 | D:9      | Noticed a two-headed ogre
 19131 | D:9      | Noticed a fire crab
 19131 | D:9      | a polar bear changed into a fire crab
 19306 | D:9      | Reached skill level 1 in Evocations
 19752 | D:9      | Noticed a deep elf pyromancer
 19840 | D:9      | Upgraded the game from 0.28-a0-97-g102d6777a4 to
                  | 0.31-a0-1598-g94871bc2e8
 19960 | D:9      | Noticed a komodo dragon
 20340 | D:9      | Identified the +7 chain mail of the Orange Skies {Str+2}
 20372 | D:9      | Noticed a tengu warrior
 20372 | D:9      | Killed a two-headed ogre
 20373 | D:9      | Reached XP level 11. HP: 33/81 MP: 0/0
 20373 | D:9      | Learned a level 5 spell: Bolt of Magma
 20543 | D:9      | Noticed a tengu warrior
 20689 | D:9      | Killed a deep elf pyromancer
 20758 | D:9      | Noticed a centaur warrior
 20778 | D:9      | Killed a centaur warrior
 21012 | D:9      | Killed a tengu warrior
 21251 | D:9      | Killed a tengu warrior
 21488 | D:9      | Noticed a boulder beetle
 21550 | D:9      | Reached *** piety under Makhleb
 21876 | D:10     | Entered Level 10 of the Dungeon
 22031 | D:10     | Found a glowing silver altar of Zin.
 22573 | D:10     | Found a staircase to the Orcish Mines.
 22795 | Lair:1   | Entered Level 1 of the Lair of Beasts
 23173 | Lair:1   | Reached XP level 12. HP: 86/86 MP: 0/0
 23185 | Lair:1   | Reached skill level 5 in Staves
 23672 | Lair:1   | Noticed a five-headed hydra
 23715 | Lair:1   | Killed a five-headed hydra
 24153 | Lair:2   | Identified the ring of Vical {Fire rN+ Str-5 Slay+2 Stlth+}
 24383 | D:2      | Bought a translucent long sword for 212 gold pieces
 24383 | D:2      | Identified the +6 long sword "Ezalen" {venom, rN+} (You
                  | bought it in a shop on level 2 of the Dungeon)
 24799 | Lair:2   | Reached skill level 5 in Evocations
 24900 | Lair:2   | Found a staircase to the Snake Pit.
 25075 | Lair:2   | Found a staircase to the Swamp.
 25091 | Lair:2   | Noticed Sonja
 25120 | Lair:2   | Killed Sonja
 25316 | Lair:2   | Found a glowing golden altar of the Shining One.
 25466 | Lair:2   | Upgraded the game from 0.31-a0-1598-g94871bc2e8 to
                  | 0.31-a0-1610-g9787180647
 26465 | Lair:3   | Noticed a catoblepas
 26511 | Lair:3   | Reached skill level 1 in Shields
 26545 | Lair:3   | Reached **** piety under Makhleb
 26557 | Lair:3   | Reached XP level 13. HP: 83/92 MP: 0/0
 26557 | Lair:3   | Learned a level 5 spell: Silence
 26655 | Lair:3   | Identified the +9 dagger of Defiance {heavy, rElec rN+++
                  | Will- MP+9}
 27263 | Lair:2   | Upgraded the game from 0.31-a0-1610-g9787180647 to
                  | 0.31-a0-1612-g4aaf141004
 27263 | Lair:2   | Quit the game

Illustrated notes

Levels and vault maps discovered:
D:1:      minmay_arrival_plants_in_alcoves, layout_basic,
          shapermc_ecumenical_altar_notcrosses
D:2:      layout_loops_ring, basic_altar, serial_shops, nicolae_diamond_shop,
          shop, minmay_worlds_worst_comb
D:3:      layout_loops_ring, amcnicky_altar_gilded, mainiacjoe_overflow_swirl,
          serial_shops, nicolae_shop_behind_doors, nicolae_square_shop,
          minmay_ogre_servants
D:4:      layout_basic, jmf_multi_god_temple
D:5:      layout_rooms, nicolae_overflow_hidden_temple,
          lemuel_mausoleum_altar_yredelemnul, minmay_misc_feat_cross,
          kennysheep_generic_room_7
D:6:      layout_cave_pools, ebering_ghost_sewer_d
D:7:      layout_basic, minmay_temple_entry_trees
D:8:      layout_basic, tso_altar, lair_entry_dummy, serial_curves,
          eino_curves_04, eino_curves_02
D:9:      minmay_the_grid_3x2 [minmay_the_grid_expand,
          minmay_the_grid_holed_spiral, minmay_the_grid_square_x,
          minmay_the_grid_zigzag_pyramid, minmay_the_grid_tiny_cups,
          minmay_the_grid_prize_shrinking_boxes], layout_loops_ring,
          nicolae_qazlal_scattered_showers
D:10:     layout_small_grid, kennysheep_little_box, hiddenorc1_lemuel,
          chequers_serial_rivers_small_b
Lair:1:   layout_gridlike
Lair:2:   layout_cave_pods, minmay_swamp_entry_swarm,
          guppyfry_snake_entry_island, basic_altar, serial_bayou_pond_e,
          worms_lemuel, uniq_sonja
Lair:3:   layout_gridlike, infiniplex_staircase_pool

Skill      XL: |  1  2  3  4  5  6  7  8  9 10 11 12 13 |
---------------+----------------------------------------+-----
Stealth        | 2 4 5 6 |  6.0
Fighting       | 1 2 4 5 6 8 |  8.3
Short Blades   | 1 2 |  2.0
Spellcasting   | 3 4 5 6 7 9 |  9.1
Dodging        | 3 4 5 6 7 8 |  8.4
Invocations    | 2 3 |  3.0
Armour         | 2 3 |  3.0
Evocations     | 2 3 6 |  6.0
Conjurations   | 9 |  9.1
Hexes          | 9 |  9.1
Summonings     | 9 |  9.1
Necromancy     | 9 |  9.1
Translocations | 9 |  9.1
Fire Magic     | 9 |  9.1
Ice Magic      | 9 |  9.1
Air Magic      | 9 |  9.1
Earth Magic    | 9 |  9.1
Alchemy        | 9 |  9.1
Staves         | 4 8 |  8.2
Shields        | 2 3 |  3.0

Action                     |  1- 3 |  4- 6 |  7- 9 | 10-12 | 13-15 || total
---------------------------+-------+-------+-------+-------+-------++-------
  Melee: Dagger            |    24 |     8 |   111 |    80 |       ||   223
         Quarterstaff      |       |       |       |   200 |     7 ||   207
   Cast: Magic Dart        |    91 |   168 |   297 |   130 |       ||   686
         Animate Skeleton  |     6 |     7 |     2 |       |       ||    15
         Call Imp          |     1 |     3 |     2 |     1 |       ||     7
         Slow              |       |     4 |     1 |     8 |       ||    13
         Conjure Flame     |       |     6 |    22 |    12 |       ||    40
         Blink             |       |     2 |     5 |     4 |       ||    11
         Static Discharge  |       |       |    52 |    28 |       ||    80
         Mephitic Cloud    |       |       |     3 |    54 |     2 ||    59
         Summon Blazeheart |       |       |     3 |    34 |     7 ||    44
         Fugue of the Fall |       |       |       |     1 |       ||     1
 Invoke: Lesser Servant of |       |       |       |     1 |       ||     1
  Evoke: Wand              |       |       |       |     2 |       ||     2
    Use: Scroll            |       |     4 |    11 |     6 |       ||    21
         Potion            |       |     1 |     1 |     1 |       ||     3
   Stab: Sleeping          |       |     1 |     3 |     1 |     1 ||     6
         Confused          |       |       |     1 |    36 |       ||    37
 Armour: Robe              |     8 |    13 |    29 |   184 |    32 ||   266
  Dodge: Dodged            |    24 |    64 |   153 |   393 |    38 ||   672

Table legend: (Time is in decaauts)
 A = Elapsed time spent in this place.
 B = Non-inter-level travel time spent in this place.
 C = Inter-level travel time spent in this place.
 D = Time resting spent in this place.
 E = Time spent auto-exploring this place.
 F = Levels seen in this place.
 G = Mean time per level.
                   A        B        C        D        E       F      G
               +--------+--------+--------+--------+--------+-----+--------+
         Total |  27418 |  24834 |   2584 |  10089 |   5849 |  13 | 2109.1 |
       Dungeon |  23327 |  20873 |   2454 |   9334 |   4125 |  10 | 2332.7 |
          Lair |   4091 |   3961 |    130 |    755 |   1724 |   3 | 1363.7 |
               +--------+--------+--------+--------+--------+-----+--------+

Top non-repeatable levels by time:
     D:5: 4801 daAuts
     D:3: 3179 daAuts
     D:4: 2542 daAuts
     D:7: 2522 daAuts
     D:9: 2314 daAuts
  Lair:2: 2130 daAuts
     D:8: 2095 daAuts
     D:1: 1890 daAuts
     D:2: 1693 daAuts
     D:6: 1527 daAuts
  Lair:1: 1433 daAuts
    D:10: 760 daAuts
  Lair:3: 526 daAuts
